 Dungeon Crawl Stone Soup version 0.31.0-32-g396128a36d (webtiles) character file.

Game seed: 10853330794582217702

3036 mechdark the Sneak (level 9, -10/59 HPs)
             Began as an Octopode Shapeshifter on Apr 11, 2024.
             Was a Believer of Trog.
             Killed from afar by a steam dragon (14 damage)
             ... with a ball of steam
             ... on level 7 of the Dungeon.
             The game lasted 00:21:47 (6500 turns).

mechdark the Sneak (Octopode Shapeshifter)          Turns: 6500, Time: 00:21:48

Health: -10/59     AC:  2    Str: 17    XL:     9   Next: 86%
Magic:  8/8        EV: 16    Int: 12    God:    Trog [**....]
Gold:   388        SH: 12    Dex: 12    Spells: 8/8 levels left

rFire   . . .        f - +1 spear (heavy)
rCold   . . .        s - +0 tower shield
rNeg    . . .        (helmet currently unavailable)
rPois   .            w - amulet of regeneration
rElec   .            i - +5 ring of evasion
rCorr   +            l - ring of resist corrosion
SInv    .            n - ring of flight
Will    .....        (no ring)
Stlth   +++++        (no ring)
HPRegen 1.09/turn    (no ring)
MPRegen 0.11/turn    (no ring)
                     (no ring)

%: no passive effects
@: beast-form, flying
A: beast (slay +3), almost no armour, amphibious, 8 rings, camouflage 1,
gelatinous body 1, (nimble swimmer 1), tentacles, low MP 1, shaggy fur 1
a: Begin Untransformation, Renounce Religion, Berserk, Trog's Hand


You were on level 7 of the Dungeon.
You worshipped Trog.
Trog was pleased with you.
You were a hulking beast.
You visited 2 branches of the dungeon, and saw 8 of its levels.

You collected 388 gold pieces.

Inventory:

Hand Weapons
 f - a +1 heavy spear (weapon)
 x - a +0 great mace
 z - a +0 morningstar
Missiles
 e - 4 throwing nets (quivered)
Armour
 s - a +0 tower shield (worn)
Jewellery
 i - a +5 ring of evasion (left tentacle)
 l - a ring of resist corrosion (right tentacle)
 n - a ring of flight (on tentacle)
 w - an amulet of regeneration (around mantle)
Talismans
 b - a beast talisman (active)
 c - a flux talisman
Wands
 p - a wand of polymorph (20)
 r - a wand of iceblast (1)
 y - a wand of charming (9)
Scrolls
 g - a scroll of revelation
 k - a scroll of enchant weapon {unknown}
 m - a scroll of blinking
 o - a scroll of teleportation
 q - a scroll of vulnerability
 v - a scroll of torment
 C - a scroll of identify
Potions
 a - 3 potions of lignification
 d - 2 potions of attraction
 h - 2 potions of might
 j - a potion of enlightenment {unknown}
 t - a potion of ambrosia {unknown}
 u - a potion of brilliance {unknown}
 A - a potion of resistance {unknown}
 B - a potion of curing


   Skills:
 + Level 4.6 Fighting
 + Level 7.1 Polearms
 + Level 5.4 Dodging
 + Level 7.6 Stealth
 + Level 3.6 Shields
 + Level 4.0 Unarmed Combat
 + Level 1.3 Evocations
 + Level 5.2 Shapeshifting


You had 8 spell levels left.
You didn't know any spells.
Your spell library contained the following spells:

 Spells                   Type           Power      Damage    Failure   Level
 Mercury Vapours          Alch/Air       0%         N/A       99%         2
 Mephitic Cloud           Conj/Alch/Air  0%         N/A       100%        3
 Freezing Cloud           Conj/Ice/Air   0%         6-21      100%        5


Dungeon Overview and Level Annotations

Branches:
Dungeon (7/15)             Temple (1/1) D:6

Altars:
Cheibriados
Dithmenos
Elyvilon
Fedhas
Gozag
Hepliaklqana
Kikubaaqudgha
Makhleb
Nemelex Xobeh
Okawaru
Qazlal
Ru
Sif Muna
Trog
Uskayaw
Vehumet
Wu Jian
Yredelemnul
Zin
The Shining One

Shops:
D:2 [([[(   D:6 (


Innate Abilities, Weirdness & Mutations

You are a hulking beast.
Your limbs bulge with bestial killing power. (Slay +3)
You cannot wear most types of armour.
You are amphibious.
You can wear up to eight rings at the same time.
Your skin changes colour to match your surroundings (Stealth+).
Your rubbery body absorbs attacks. (AC +1, EV +1)
((You are camouflaged when in or above water. (Stealth+)))
You have tentacles for arms and can constrict up to eight enemies at once.
Your magical capacity is low. (-10% MP)
You are covered in fur. (AC +1)


Message History

C - a scroll of identify A steam dragon is nearby!
Okay, then.
Reach: f) +1 spear (heavy)
Press: ? - help, Dir - move target, f - steam dragon
Aim: a steam dragon (wandering, hasn't noticed you, about 31% to evade your +1 heavy spear)
You reach to attack!
The steam dragon hisses angrily.
You puncture the steam dragon!
The steam dragon is moderately wounded.
The steam dragon closely misses you. You block the steam dragon's attack.
Unknown command.
You barely miss the steam dragon. You squeeze the steam dragon!
The steam dragon is severely wounded.
The steam dragon closely misses you. The steam dragon misses you.
You closely miss the steam dragon. Your squeeze misses the steam dragon.
The steam dragon is severely wounded.
The steam dragon breathes steam at you. The ball of steam hits you!
You closely miss the steam dragon.
The steam dragon is severely wounded.
You are engulfed in a cloud of scalding steam.
The steam dragon bites you! The steam dragon claws you.
* * * LOW HITPOINT WARNING * * *
The steam dragon closely misses you. The steam dragon claws you.
* * * LOW HITPOINT WARNING * * *
You barely miss the steam dragon. You squeeze the steam dragon!
The steam dragon is almost dead.
You are engulfed in a cloud of scalding steam.
* * * LOW HITPOINT WARNING * * *
You block the steam dragon's attack. The steam dragon misses you.
You barely miss the steam dragon.
Your tentacle-slap misses the steam dragon.
The steam dragon is almost dead.
You are engulfed in a cloud of scalding steam.
* * * LOW HITPOINT WARNING * * *
You block the steam dragon's attack. x2
The steam dragon breathes steam at you. The ball of steam hits you!
You die...

...## ##.........#
#### #..### ....##
##.......# ##..#
##.##. .....#
##.....## ##...#
#..... .....##
###....# ##....#
#.≈... ......#
####.###.....#
##..... ......##
#.##......# #.._...
.......#
#.........###......
.....###
#.D.......##...≈...
....##
##h#########.......
.#### #§.#
###...##.... ## ###
#§.# ##...####....
####.# #..###..###
##... # ###....#
##....###### #...
#####......#
##.........## ##..
.##........#
##...........## ##.
...........#
#.............## ##
#.##......##
#..............# #


You could see a steam dragon (catching breath).

Vanquished Creatures
  Jeremiah (D:7)
  Prince Ribbit (D:5)
  Eustachio (D:5)
  2 water moccasins
  3 sky beasts
  2 ice beasts
  3 ogres
  A centaur (D:5)
  A phantom (D:5)
  Blork the orc (D:5)
  2 bullfrogs (D:7)
  4 wights (D:7)
  A killer bee (D:7)
  A howler monkey (D:5)
  A bombardier beetle (D:4)
  A gnoll bouda (D:6)
  3 hounds
  3 orc priests
  2 sleepcaps
  5 orc wizards
  5 iguanas
  Natasha (thrice) (D:2)
  5 gnolls
  8 adders
  4 ufetubi (D:6)
  A dart slug (D:3)
  6 ribbon worms
  16 orcs
  5 endoplasms
  5 giant cockroaches
  8 goblins
  7 hobgoblins
  11 jackals
  3 quokkas
  9 ball pythons
  3 bats
  2 frilled lizards
  12 kobolds
  2 rats
154 creatures vanquished.

Notes
Turn   | Place    | Note
-------+----------+-------------------------------------------
     0 | D:1      | mechdark the Octopode Shapeshifter began the quest for the
                  | Orb.
     0 | D:1      | Reached XP level 1. HP: 13/13 MP: 1/1
   262 | D:1      | Reached XP level 2. HP: 13/18 MP: 2/2
   619 | D:2      | Found Vadu's Antique Armour Emporium.
   688 | D:2      | Found Qoawk's Antique Armour Shop.
   700 | D:2      | Found Zuesasou's Antique Weapon Boutique.
   712 | D:2      | Reached XP level 3. HP: 23/23 MP: 3/3
   810 | D:2      | Noticed Natasha
   815 | D:2      | Killed Natasha
   850 | D:2      | Reached XP level 4. HP: 11/28 MP: 4/4
   940 | D:2      | Noticed Natasha
   954 | D:2      | Killed Natasha
   955 | D:2      | Reached skill level 1 in Polearms
  1001 | D:2      | Noticed Natasha
  1013 | D:2      | Found a bloodstained altar of Trog.
  1015 | D:2      | Reached skill level 1 in Stealth
  1024 | D:2      | Killed Natasha
  1025 | D:2      | Reached XP level 5. HP: 19/33 MP: 5/5
  1040 | D:2      | Became a worshipper of Trog the Wrathful
  1211 | D:2      | Found Radoghywn's Weapon Boutique.
  1342 | D:2      | Found Daugaxt's Antique Armour Shoppe.
  1632 | D:3      | Found a faded altar of an unknown god.
  1715 | D:3      | Reached * piety under Trog
  1917 | D:3      | Found a stormy altar of Qazlal.
  2360 | D:4      | Found an opulent altar of Gozag.
  2419 | D:4      | Gained mutation: Your magical capacity is low. (-10% MP)
                  | [potion of mutation]
  2419 | D:4      | Gained mutation: You are covered in fur. (AC +1) [potion of
                  | mutation]
  2706 | D:4      | Reached XP level 6. HP: 39/39 MP: 5/5
  3153 | D:4      | Reached XP level 7. HP: 6/45 MP: 6/6
  3541 | D:5      | Entered Level 5 of the Dungeon
  3552 | D:5      | Noticed Prince Ribbit
  3558 | D:5      | Killed Prince Ribbit
  3586 | D:5      | Noticed Eustachio
  3606 | D:5      | Reached skill level 5 in Stealth
  3606 | D:5      | Reached XP level 8. HP: 23/52 MP: 7/7
  3789 | D:5      | Reached skill level 5 in Polearms
  3815 | D:5      | Noticed Blork the orc
  3823 | D:5      | Killed Blork the orc
  3849 | D:5      | Found an iron altar of Okawaru.
  3982 | D:5      | Reached ** piety under Trog
  4244 | D:5      | Killed Eustachio
  4659 | D:6      | Found a basalt altar of Yredelemnul.
  4661 | D:6      | Noticed a profane servitor
  4674 | D:6      | Found a glowing golden altar of the Shining One.
  4676 | D:6      | Noticed an angel
  4878 | D:6      | Found a staircase to the Ecumenical Temple.
  4908 | D:6      | Reached XP level 9. HP: 44/58 MP: 8/8
  4911 | D:6      | Reached skill level 1 in Shields
  5038 | D:6      | Found Kunneury's Weapon Emporium.
  5078 | Temple   | Entered the Ecumenical Temple
  5315 | D:6      | Identified the +0 spear "Rozici" {antimagic, Dex+3}
  5697 | D:7      | Found an ancient bone altar of Kikubaaqudgha.
  5699 | D:7      | Found a bloodstained altar of Trog.
  5702 | D:7      | Noticed Jeremiah
  5765 | D:7      | Killed Jeremiah
  5766 | D:7      | Reached skill level 5 in Dodging
  5766 | D:7      | Reached skill level 5 in Shapeshifting
  5924 | D:7      | Found a snail-covered altar of Cheibriados.
  5963 | D:7      | Reached skill level 1 in Evocations
  6081 | D:7      | Identified the +5 scale mail of Honour {rPois Str+4}
  6500 | D:7      | Killed from afar by a steam dragon

Illustrated notes

Levels and vault maps discovered:
D:1:      minmay_arrival_three_doors, layout_basic
D:2:      layout_loops_ring, basic_altar, serial_shops, shop_statue,
          nicolae_shop_hallway_plus, nicolae_shop_scrapyard, shop, shop,
          uniq_natasha
D:3:      layout_basic, nicolae_overflow_crystal_walls,
          hellmonk_ecumenical_altar_slurped_away
D:4:      layout_gridville, grunt_gozag_breadcrumbs
D:5:      corexii_shack_village, layout_basic, okawaru_trees_2,
          grunt_decor_arrowhead, kennysheep_generic_room_12, uniq_eustachio,
          uniq_blork_the_orc, uniq_prince_ribbit1
D:6:      layout_basic, grunt_temple_overflow_holy_war,
          minmay_temple_entry_mini_moons, minmay_shop_grid_forest,
          nicolae_houndstooth_variations
D:7:      layout_cave_pods, mainiacjoe_overflow_tiny_flanked,
          grunt_temple_overflow_open, st_stairs_10, uniq_jeremiah
Temple:   hellmonk_temple_two_chambers

Skill      XL: |  1  2  3  4  5  6  7  8  9 |
---------------+----------------------------+-----
Polearms       | 1 2 3 4 6 7 |  7.1
Unarmed Combat | 4 |  4.0
Stealth        | 1 2 4 5 6 7 |  7.6
Shapeshifting  | 4 5 |  5.2
Fighting       | 2 3 4 |  4.6
Dodging        | 3 4 5 |  5.4
Shields        | 3 |  3.6
Evocations     | 1 |  1.3

Action                     |  1- 3 |  4- 6 |  7- 9 || total
---------------------------+-------+-------+-------++-------
  Melee: Unarmed           |     7 |       |       ||     7
         Constrict         |    11 |    27 |    40 ||    78
         Tentacles         |     7 |    23 |    39 ||    69
         Spear             |    35 |   111 |   222 ||   368
         Punch             |       |     4 |    13 ||    17
 Invoke: Berserk           |       |     1 |     5 ||     6
         Trog's Hand       |       |       |     3 ||     3
  Evoke: Wand              |       |       |     6 ||     6
    Use: Scroll            |     7 |     6 |     2 ||    15
         Potion            |     1 |     1 |     3 ||     5
   Stab: Sleeping          |     1 |    13 |    13 ||    27
         Distracted        |       |       |     1 ||     1
 Armour: Skin              |    25 |    38 |   123 ||   186
  Dodge: Dodged            |    53 |    97 |   159 ||   309
  Block: Tower shield      |       |       |   115 ||   115
   Form: Beast             |     1 |       |     1 ||     2
         Flux              |       |       |     1 ||     1
